 Dungeon Crawl Stone Soup version 0.27-a0-423-gf312af23e9 (webtiles) character file.

Game seed: 6771751784822276287

15491 jasper the Contemplative (level 12, -1/89 HPs)
             Began as a Demonspawn Hedge Wizard on Feb 26, 2021.
             Was a Priest of Cheibriados.
             Slain by an orc warrior
             ... wielding a +0 glaive
              (32 damage)
             ... on level 2 of the Orcish Mines.
             The game lasted 00:22:40 (17759 turns).

jasper the Contemplative (Demonspawn Hedge Wizard) Turns: 17759, Time: 00:22:40

Health: -1/89      AC: 11    Str: 21    XL:     12   Next: 1%
Magic:  21/21      EV: 16    Int: 29    God:    Cheibriados [***...]
Gold:   726        SH:  7    Dex: 28    Spells: 11/21 levels left

rFire    . . .     SeeInvis .     - Unarmed
rCold    . . .     Faith    .   p - +0 buckler
rNeg     . . .     Spirit   .   M - +0 shadow dragon scales
rPois    .         Reflect  .   c - +0 hat
rElec    .         Harm     .   q - +0 cloak
rCorr    .         Rampage  .   (gloves unavailable)
Will     .....                  (no boots)
Stlth    ++++......             (no amulet)
HPRegen  0.24/turn              y - +4 ring of evasion
MPRegen  0.17/turn              f - +6 ring of dexterity

@: studying Spellcasting, very slow
A: antennae 1, claws 3, hooves 2, blink, clever 1, demonic guardian 2, sense
surroundings 1, strong 1
a: Blink, Renounce Religion, Bend Time, Temporal Distortion


You were on level 2 of the Orcish Mines.
You worshipped Cheibriados.
Cheibriados was most pleased with you.
You visited 4 branches of the dungeon, and saw 16 of its levels.

You collected 1155 gold pieces.
You spent 429 gold pieces at shops.

Inventory:

Hand Weapons
 a - a +1 dagger
Missiles
 d - 247 stones
 j - 297 arrows
 n - 29 poisoned darts
 K - 6 silver javelins
 Q - a throwing net
Armour
 b - a +0 robe
 c - a +0 hat (worn)
 o - a +0 pair of gloves
 p - a +0 buckler (worn)
 q - a +0 cloak (worn)
 C - a +0 kite shield
 I - a +0 troll leather armour
 M - +0 shadow dragon scales (worn)
Jewellery
 f - a +6 ring of dexterity (right claw)
 y - a +4 ring of evasion (left claw)
 z - an amulet of faith
 L - a ring of flight
 O - a ring of magical power
Wands
 h - a wand of charming (11)
 m - a wand of iceblast (12)
 x - a wand of random effects (11)
 A - a wand of paralysis (7)
 D - a wand of polymorph (8)
 P - a wand of flame (12)
Scrolls
 e - 5 scrolls of enchant weapon
 g - 5 scrolls of teleportation
 r - a scroll of immolation
 t - 2 scrolls of magic mapping
 v - 3 scrolls of amnesia
 B - 2 scrolls of fear
 E - 3 scrolls of fog {unknown}
 F - a scroll of enchant armour {unknown}
 G - a scroll of torment {unknown}
 H - 2 scrolls of acquirement {unknown}
 J - a scroll of silence {unknown}
 N - 2 scrolls of identify
Potions
 i - 3 potions of curing
 k - 3 potions of brilliance
 l - 4 potions of mutation
 s - 2 potions of haste
 u - a potion of attraction
 w - a potion of lignification
 R - a potion of invisibility


   Skills:
 + Level 6.9 Fighting
 + Level 5.0 Dodging
 + Level 2.5 Stealth
 + Level 4.2 Shields
 * Level 10.5 Unarmed Combat
 + Level 5.2 Spellcasting
 - Level 3.1 Conjurations
 - Level 1.0 Summonings
 - Level 6.0 Translocations
 - Level 12.0 Invocations


You had 11 spell levels left.
You knew the following spells:

 Your Spells              Type           Power        Failure   Level
a - Magic Dart            Conj           100%         19%         1
b - Blink                 Tloc           N/A          9%          2
c - Mephitic Cloud        Conj/Pois/Air  13%          80%         3
d - Dispel Undead         Necr           7%           100%        4

Your spell library contained the following spells:

 Spells                   Type           Power        Failure   Level
 Call Imp                 Summ           13%          56%         2
 Corpse Rot               Necr/Air       N/A          71%         2
 Slow                     Hex            7%           71%         2
 Sublimation of Blood     Necr           3%           71%         2
 Conjure Flame            Conj/Fire      16%          73%         3
 Agony                    Necr           7%           100%        5
 Excruciating Wounds      Necr           3%           100%        5


Dungeon Overview and Level Annotations

Branches:
Dungeon (12/15)            Temple (1/1) D:6            Lair (1/6) D:11
    Orc (2/2) D:10            Elf (0/3) Orc:2

Altars:
Cheibriados
Dithmenos
Elyvilon
Gozag
Hepliaklqana
Makhleb
Qazlal
Wu Jian
Xom
Yredelemnul
The Shining One

Shops:
D:6 !   D:7 *   Orc:2 [

Annotations:
D:10 4 runed translucent doors
Lair:1 Gastronok


Innate Abilities, Weirdness & Mutations

You have a pair of small antennae on your head.
You have claws for hands.
You have hoof-like feet.
A demonic guardian rushes to your aid.
You can translocate small distances at will.
Your mind is acute. (Int +2)
You passively map a small area around you.
Your muscles are strong. (Str +2)


Message History

You regained 4 hp, and now have 67/89 hp.
MP restored: 21 An orc comes into view. It is wielding a +0 club.
The orc hits you but does no damage. x2
You barely miss the orc. Your kick misses the orc. You scratch the orc.
Your kick misses the orc.
The orc is severely wounded.
The orc completely misses you.
You closely miss the orc. You kick the orc.
You kill the orc!
Cheibriados appreciates the change of pace.
You closely miss the orc. You kick the orc.
The orc is moderately wounded.
An orc warrior comes into view. It is wielding a +0 glaive.
The orc barely misses you.
You scratch the orc. You kick the orc.
You kill the orc!
Cheibriados thoroughly appreciates the change of pace.
You claw the orc!
You kill the orc!
Cheibriados appreciates the change of pace.
An orc warrior and an orc knight come into view.
The orc warrior is wielding a +2 vorpal war axe.
The orc knight is wielding a +1 great sword of flaming.
The orc knight shouts!
The orc warrior shouts!
You hear a shout!
An orc comes into view. It is wielding a +0 hand axe.
The orc warrior hits you from afar with a +0 glaive!
The orc throws a boomerang.
You block the boomerang.
A warg comes into view.
The orc knight roars a battlecry!
The orcs go into a battle-frenzy!
The warg howls!
Found a staircase to the Elven Halls.
You take 8 damage, and have 61/89 hp.
You are too injured to fight recklessly!
You are too injured to fight recklessly!
You are too injured to fight recklessly!
You block the orc warrior's attack.
The orc warrior hits you with a +2 vorpal war axe!!
A demonic guardian appears!
The orc warrior hits you from afar with a +0 glaive!!
You die...

*####* ##############*#
*,, ,
.#...#####.#.#.##.##..##.
.........................
...........$.............
,,
.........3..............#
..........).....######...
, ,
......).@.......#...)#†..
........o.......#8.))'...
,
.......o.o......######..#
, ,
..........o............##
..........o.h........#.#
,
......................##
...............##....## ,
.....................# *
.....................#


You could see an orc knight, a warg, 2 orc warriors, 2 orcs and a friendly sun
demon (summoned).

Vanquished Creatures
  The ghost of SevenDeadlySins the Placeless Gargoyle, a journeyman GrWr of Ashenzari (D:11)
  The ghost of HendSelp the Blocker, a journeyman GnFi of Cheibriados (D:11)
  The ghost of wampuh the Transmogrifier, a journeyman DrTm of Uskayaw (D:11)
  A hydra (D:11)
  An orc high priest (Orc:2)
  Urug (D:10)
  An unseen horror (D:11)
  2 cyclopes
  A cane toad (D:11)
  A merfolk (D:11)
  A hornet (D:10)
  2 trolls
  A vampire (D:9)
  Sigmund (D:2)
  9 yaks
  An acid dragon (D:11)
  2 soldier ants
  A warg (Orc:2)
  2 water moccasins
  An ice beast (D:7)
  8 orc warriors
  An eye of draining (D:12)
  A black bear (D:9)
  6 centaurs
  6 ogres
  5 bullfrogs
  4 scorpions
  13 killer bees (D:11)
  4 jellies
  8 wights (D:10)
  A howler monkey (D:4)
  A quasit (D:8)
  A hound (D:5)
  3 bullfrog skeletons
  6 orc priests
  3 iguanas
  Natasha (twice) (D:2)
  17 orc wizards
  8 worker ants
  2 hound skeletons
  2 worker ant zombies
  4 gnolls (D:9)
  3 river rats (D:5)
  12 adders
  A shadow imp (D:6)
  3 ufetubi (D:10)
  5 oozes
  4 worms
  A dart slug (D:2)
  2 leopard geckos
  49 orcs
  3 ball pythons
  11 giant cockroaches
  8 goblins
  4 hobgoblins
  12 jackals
  5 quokkas
  A ball python skeleton (D:4)
  6 bats
  5 frilled lizards
  7 kobolds
  A leopard gecko zombie (D:6)
  13 rats
294 creatures vanquished.

Vanquished Creatures (collateral kills)
  A death knight (D:12)
  Erica (D:9)
  A two-headed ogre (D:9)
  A sky beast (D:7)
  An ogre (D:3)
  2 centaurs
  A phantom (D:5)
  An iguana (D:9)
  Natasha (D:2)
  An adder (D:6)
  A white imp (D:6)
  2 worms
  3 orcs
  A ball python (D:2)
  A bat (D:2)
  A goblin (D:1)
  A quokka (D:2)
  A rat (D:2)
22 creatures vanquished.

Vanquished Creatures (others)
  7 fungi (D:10)
  A plant (Lair:1)
  3 toadstools (D:10)
11 creatures vanquished.

Grand Total: 327 creatures vanquished

Notes
Turn   | Place    | Note
-------+----------+-------------------------------------------
     0 | D:1      | jasper the Demonspawn Hedge Wizard began the quest for the
                  | Orb.
     0 | D:1      | Reached XP level 1. HP: 13/13 MP: 4/4
   440 | D:1      | Gained mutation: A weak demonic guardian rushes to your
                  | aid. [demonic ancestry]
   440 | D:1      | Reached XP level 2. HP: 19/19 MP: 0/6
   892 | D:1      | Learned a level 2 spell: Blink
   901 | D:1      | Learned a level 2 spell: Slow
  1028 | D:1      | Gained mutation: You have sharp fingernails. [demonic
                  | ancestry]
  1028 | D:1      | Reached XP level 3. HP: 24/24 MP: 0/7
  1423 | D:1      | Reached skill level 1 in Translocations
  1929 | D:2      | Noticed Natasha
  1945 | D:2      | Gained mutation: Your muscles are strong. (Str +2) [potion
                  | of mutation]
  1945 | D:2      | Gained mutation: You passively map a small area around you.
                  | [potion of mutation]
  1945 | D:2      | Gained mutation: Your mind is acute. (Int +2) [potion of
                  | mutation]
  1945 | D:2      | Gained mutation: You can translocate small distances at
                  | will. [potion of mutation]
  1951 | D:2      | Killed Natasha
  1952 | D:2      | Reached skill level 1 in Unarmed Combat
  2267 | D:2      | Gained mutation: You have large cloven feet. [demonic
                  | ancestry]
  2267 | D:2      | Reached XP level 4. HP: 23/31 MP: 1/8
  2659 | D:3      | Noticed an ogre
  3114 | D:4      | Reached skill level 1 in Fighting
  3437 | D:4      | Gained mutation: You have a pair of small antennae on your
                  | head. [demonic ancestry]
  3437 | D:4      | Reached XP level 5. HP: 24/37 MP: 1/9
  4404 | D:5      | Entered Level 5 of the Dungeon
  4417 | D:5      | Noticed a centaur
  4450 | D:5      | Killed a centaur
  4451 | D:5      | Reached skill level 1 in Shields
  4451 | D:5      | Reached XP level 6. HP: 10/44 MP: 1/10
  5016 | D:5      | Found a basalt altar of Yredelemnul.
  5573 | D:5      | Gained mutation: A demonic guardian rushes to your aid.
                  | [demonic ancestry]
  5573 | D:5      | Reached XP level 7. HP: 44/52 MP: 3/11
  5769 | D:3      | Found a snail-covered altar of Cheibriados.
  5769 | D:3      | Found an ornate altar of the Wu Jian Council.
  5776 | D:3      | Became a worshipper of Cheibriados the Contemplative
  5910 | D:3      | Found a shadowy altar of Dithmenos.
  6368 | D:3      | Found a stormy altar of Qazlal.
  6429 | D:2      | Noticed Natasha
  6435 | D:2      | Killed Natasha
  6448 | D:2      | Noticed Natasha
  6462 | D:2      | Killed Natasha
  6763 | D:2      | Reached * piety under Cheibriados
  7098 | D:2      | Noticed Sigmund
  7115 | D:2      | Killed Sigmund
  7116 | D:2      | Reached skill level 5 in Unarmed Combat
  7623 | D:2      | Learned a level 3 spell: Mephitic Cloud
  7890 | D:5      | Gained mutation: You have very sharp fingernails. [demonic
                  | ancestry]
  7890 | D:5      | Reached XP level 8. HP: 29/60 MP: 3/12
  8911 | D:6      | Found a staircase to the Ecumenical Temple.
  8928 | D:6      | Reached ** piety under Cheibriados
  9263 | D:6      | Found a shimmering altar of Xom.
  9264 | D:6      | Found a hazy altar of Hepliaklqana.
  9265 | D:6      | Noticed a spectral ugly thing
  9471 | D:6      | Found an opulent altar of Gozag.
  9757 | D:6      | Found Jeustred's Distillery.
  9761 | D:6      | Bought 2 potions of curing for 72 gold pieces
  9761 | D:6      | Bought a potion of invisibility for 96 gold pieces
 10196 | Temple   | Entered the Ecumenical Temple
 10433 | D:7      | Found Lyon's Assorted Antiques.
 10447 | D:7      | Bought 3 scrolls labelled OSETAM JOILOZ for 87 gold pieces
 10447 | D:7      | Bought a scroll labelled HOGHESM GYCAO for 29 gold pieces
 10447 | D:7      | Bought a scroll labelled QUEJUJUOTE for 29 gold pieces
 10447 | D:7      | Bought a scroll labelled DUCHYN NYIMEMM for 29 gold pieces
 10447 | D:7      | Bought a scroll of identify for 58 gold pieces
 10447 | D:7      | Bought a scroll labelled BUEROZELOI for 29 gold pieces
 10675 | D:7      | Reached skill level 1 in Invocations
 11202 | D:7      | Reached skill level 5 in Fighting
 11462 | D:7      | Reached skill level 2 in Invocations
 11906 | D:8      | Gained mutation: You have hoof-like feet. [demonic
                  | ancestry]
 11906 | D:8      | Reached XP level 9. HP: 47/68 MP: 13/13
 12237 | D:8      | Reached skill level 3 in Invocations
 12381 | D:8      | Reached *** piety under Cheibriados
 12463 | D:8      | Found a glowing golden altar of the Shining One.
 12567 | D:9      | Noticed Erica
 12572 | D:9      | Noticed a two-headed ogre
 12580 | D:9      | Killed a two-headed ogre
 12581 | D:9      | Reached skill level 4 in Invocations
 12582 | D:9      | Killed Erica
 12583 | D:9      | Reached skill level 5 in Invocations
 13019 | D:9      | Noticed a troll
 13029 | D:9      | Killed a troll
 13365 | D:9      | Gained mutation: You have claws for hands. [demonic
                  | ancestry]
 13365 | D:9      | Reached XP level 10. HP: 73/77 MP: 14/14
 13625 | D:9      | Reached **** piety under Cheibriados
 13868 | D:10     | Entered Level 10 of the Dungeon
 13868 | D:10     | Found a runed translucent door.
 13906 | D:10     | Found a runed translucent door.
 13925 | D:10     | Found a runed translucent door.
 13939 | D:10     | Found a runed translucent door.
 14366 | D:10     | Noticed Urug
 14369 | D:10     | Found a staircase to the Orcish Mines.
 14383 | D:10     | Killed Urug
 14384 | D:10     | Reached skill level 10 in Unarmed Combat
 14746 | D:10     | Reached skill level 6 in Invocations
 14887 | D:11     | Reached skill level 7 in Invocations
 14944 | D:11     | Noticed a four-headed hydra
 14944 | D:11     | Reached ***** piety under Cheibriados
 14947 | D:11     | Reached skill level 8 in Invocations
 14948 | D:11     | Reached skill level 9 in Invocations
 14950 | D:11     | Killed a five-headed hydra
 14951 | D:11     | Reached skill level 10 in Invocations
 14951 | D:11     | Reached XP level 11. HP: 41/83 MP: 0/18
 15076 | D:11     | Killed an unseen horror
 15086 | D:11     | Learned a level 4 spell: Dispel Undead
 15164 | D:11     | Found a runed translucent gate.
 15184 | D:11     | Found a runed translucent gate.
 15185 | D:11     | Found a runed translucent gate.
 15189 | D:11     | Noticed SevenDeadlySins's ghost (journeyman GrWr)
 15189 | D:11     | Noticed HendSelp's ghost (journeyman GnFi)
 15190 | D:11     | Found a staircase to the Lair.
 15190 | D:11     | Noticed wampuh's ghost (journeyman DrTm)
 15564 | D:11     | Reached skill level 11 in Invocations
 15817 | D:11     | Killed wampuh's ghost
 15822 | D:11     | Killed SevenDeadlySins's ghost
 15830 | D:11     | Killed HendSelp's ghost
 16017 | D:12     | Reached skill level 12 in Invocations
 16354 | D:12     | Noticed a two-headed ogre
 16355 | D:12     | Noticed a death knight
 16373 | D:12     | HP: 1/83 [death knight/+0 morningstar (23)]
 16381 | D:12     | Killed a death knight
 16382 | D:12     | Reached skill level 5 in Translocations
 16431 | Lair:1   | Entered Level 1 of the Lair of Beasts
 16724 | Lair:1   | Noticed Gastronok
 17002 | Orc:1    | Entered Level 1 of the Orcish Mines
 17232 | Orc:2    | Entered Level 2 of the Orcish Mines
 17462 | Orc:2    | Noticed an orc high priest
 17463 | Orc:2    | Noticed a soul eater
 17464 | Orc:2    | Noticed an orc warlord
 17469 | Orc:2    | Reached skill level 5 in Spellcasting
 17470 | Orc:2    | Noticed an orc high priest
 17471 | Orc:2    | Noticed an orc high priest
 17472 | Orc:2    | Found Gubykh's Antique Armour Emporium.
 17747 | Orc:2    | Killed an orc high priest
 17748 | Orc:2    | Reached skill level 5 in Dodging
 17748 | Orc:2    | Reached XP level 12. HP: 67/89 MP: 21/21
 17756 | Orc:2    | Found a staircase to the Elven Halls.
 17759 | Orc:2    | Slain by an orc warrior

Illustrated notes

Levels and vault maps discovered:
D:1:      minmay_arrival_arboretum_small, layout_basic, chequers_avenue,
          minmay_hexomino_f4
D:2:      layout_loops_ring, uniq_natasha, uniq_sigmund
D:3:      layout_loops_cross, nicolae_qazlal_eye_of_the_storm,
          nicolae_dithmenos_through_a_glass_darkly,
          gammafunk_temple_overflow_pools, minivault_26
D:4:      layout_basic
D:5:      layout_gridville, basic_altar, lightli_sewer_entry_pipes, minivault_19
D:6:      layout_loops_corners, regret_index_temple_of_mockery,
          grunt_gozag_statues, minmay_temple_entry_stoned_glass, serial_shops,
          nicolae_shop_trees
D:7:      layout_cave_pods, serial_shops, shop
D:8:      layout_basic, kennysheep_mini
D:9:      layout_basic, uniq_erica
D:10:     layout_long_grid, orc_0_dummy, enter_bailey_2,
          minmay_gold_behind_fungi, kennysheep_nondescript,
          minmay_statue_crystal_thing, uniq_urug
D:11:     layout_cave_pools, lair_entry_dummy, gammafunk_ghost_cemetery,
          hangedman_fish_farm
D:12:     minmay_the_grid_triangle_9x9_recursive_2_mashed
          [minmay_the_grid_triangle_9x9_prize_special,
          minmay_the_grid_triangle_9x9_impossible_snake,
          minmay_the_grid_triangle_9x9_skeleton,
          minmay_the_grid_triangle_9x9_empty], layout_basic,
          jmf_multi_god_temple2
Temple:   nicolae_temple_great_sept
Lair:1:   layout_misc_corridors, uniq_gastronok
Orc:1:    layout_diamond_mine, basic_altar
Orc:2:    grunt_orc_community_town_hall, layout_caves,
          grunt_orc_community_big_house_1, grunt_orc_community_big_house_1,
          grunt_orc_community_house_1, grunt_orc_community_house_2,
          grunt_orc_community_house_2, grunt_orc_community_house_2, basic_altar,
          gammafunk_ghost_stat_death

Skill      XL: |  1  2  3  4  5  6  7  8  9 10 11 |
---------------+----------------------------------+-----
Conjurations   | 2 3 |  3.1
Translocations | 1 2 6 |  6.0
Dodging        | 2 3 4 5 |  5.0
Unarmed Combat | 1 2 4 5 7 8 10 | 10.5
Fighting       | 1 2 3 4 5 6 |  6.9
Shields        | 1 2 3 4 |  4.2
Invocations    | 2 5 10 12 | 12.0
Spellcasting   | 5 |  5.2
Stealth        | 2 |  2.5
Summonings     | |  1.0

Action                   |  1- 3 |  4- 6 |  7- 9 | 10-12 || total
-------------------------+-------+-------+-------+-------++-------
Melee: Dagger            |    23 |    30 |       |       ||    53
       Kick              |       |    13 |    88 |   162 ||   263
       Unarmed           |       |    18 |   210 |   308 ||   536
 Cast: Magic Dart        |    79 |   153 |   191 |    31 ||   454
       Blink             |       |       |       |     3 ||     3
Invok: Slouch            |       |       |       |     8 ||     8
Evoke: Wand              |       |       |     6 |     7 ||    13
  Use: Potion            |     2 |     2 |     5 |     4 ||    13
       Scroll            |       |       |    13 |     1 ||    14
 Stab: Paralysed         |       |       |     4 |       ||     4
       Sleeping          |       |       |     7 |     3 ||    10
       Invisible         |       |       |       |     4 ||     4
Armor: Robe              |    11 |    17 |    31 |       ||    59
       Troll leather arm |       |       |     1 |    11 ||    12
       Shadow dragon sca |       |       |       |    37 ||    37
Dodge: Dodged            |    31 |    55 |   172 |   199 ||   457
Block: Buckler           |       |       |    55 |   100 ||   155

Table legend: (Time is in decaauts)
 A = Elapsed time spent in this place.
 B = Non-inter-level travel time spent in this place.
 C = Inter-level travel time spent in this place.
 D = Time resting spent in this place.
 E = Time spent auto-exploring this place.
 F = Levels seen in this place.
 G = Mean time per level.
                   A        B        C        D        E       F      G
               +--------+--------+--------+--------+--------+-----+--------+
         Total |  21380 |  20496 |    884 |   1710 |  16148 |  16 | 1336.2 |
       Dungeon |  20388 |  19551 |    837 |   1484 |  15665 |  12 | 1699.0 |
        Temple |      1 |      1 |      0 |      0 |      0 |   1 |    1.0 |
          Lair |     12 |     12 |      0 |      0 |      0 |   1 |   12.0 |
  Orcish Mines |    978 |    932 |     46 |    226 |    483 |   2 |  489.0 |
               +--------+--------+--------+--------+--------+-----+--------+

Top non-repeatable levels by time:
     D:5: 2723 daAuts
    D:11: 2159 daAuts
     D:2: 2077 daAuts
     D:1: 1819 daAuts
     D:7: 1812 daAuts
     D:9: 1747 daAuts
     D:6: 1713 daAuts
     D:4: 1708 daAuts
    D:10: 1675 daAuts
     D:8: 1245 daAuts
     D:3: 1150 daAuts
   Orc:2: 611 daAuts
    D:12: 555 daAuts
   Orc:1: 367 daAuts
  Lair:1: 12 daAuts
